 Dungeon Crawl Stone Soup version 0.30-a0-715-gdb4ae3ece1 (webtiles) character file.

Game seed: 10262631956949254693

35 PyroL the Magician (level 3, -4/26 HPs)
             Began as a Djinni Air Elementalist on Jan 23, 2023.
             Killed from afar by Natasha (6 damage)
             ... with a magic dart
             ... on level 2 of the Dungeon.
             The game lasted 00:01:46 (1228 turns).

PyroL the Magician (Djinni Air Elementalist)        Turns: 1228, Time: 00:01:46

Health: -4/26      AC:  2    Str:  7    XL:     3   Next: 52%
Gold:   39         EV: 12    Int: 18    God:
                   SH:  0    Dex: 13

rFire   + + .      SeeInvis .    c - +0 club
rCold   x . .      Faith    .    (no shield)
rNeg    . . .      Spirit   .    a - +0 robe
rPois   ∞          Reflect  .    (helmet restricted)
rElec   .          Harm     .    (no cloak)
rCorr   +          Rampage  .    (no gloves)
Will    .....                    (boots unavailable)
Stlth   ++                       (no amulet)
HPRegen 0.24/turn                e - ring of resist corrosion
MPRegen 0.00/turn                (no ring)

@: flying
A: sickness immunity, fire resistance 2, cold vulnerability 1, float, innate
caster, HP casting, extra vitality 1, horns 2
a: no special abilities


You were on level 2 of the Dungeon.
You visited 1 branch of the dungeon, and saw 2 of its levels.

You collected 39 gold pieces.

Inventory:

Hand Weapons
 c - a +0 club (weapon)
Armour
 a - a +0 robe (worn)
Jewellery
 e - a ring of resist corrosion (left hand)
Scrolls
 f - a scroll of fog {unknown}
 g - a scroll of amnesia {unknown}
 h - a scroll of identify {unknown}
 i - a scroll of teleportation {unknown}
Potions
 b - a potion of magic


   Skills:
 + Level 0.7 Fighting
 - Level 2.7 Dodging
 - Level 2.1 Stealth
 + Level 2.8 Spellcasting


You couldn't memorise any spells.
You knew the following spells:

 Your Spells              Type           Power      Damage    Failure   Level
a - Shock                 Conj/Air       48%        1d6       5%          1
b - Static Discharge      Conj/Air       24%        2-3/arc   8%          2
c - Swiftness             Air            12%        N/A       16%         3
d - Airstrike             Air            6%         2d(1-17)  45%         4
e - Magic Dart            Conj           48%        1d5       5%          1
Your spell library was empty.

Dungeon Overview and Level Annotations

Branches:
Dungeon (2/15)

Altars:

Annotations:
D:2 Natasha


Innate Abilities, Weirdness & Mutations

You are immune to sickness and miasma.
You are immune to poison.
Your flesh is very heat resistant. (rF++)
You are vulnerable to cold. (rC-)
You float through the air rather than walking.
You learn spells naturally, not from books.
Your magical power is your life essence.
You have superior vitality. (+4 MHP)
You have a pair of horns on your head.


Message History

You are too injured to fight recklessly!
Casting: Shock (safe; 5% risk of failure)
Confirm with . or Enter, or press ? or * to list all spells.
Aiming: Shock (safe; 5% risk of failure)
Press: ? - help, Shift-Dir - straight line, f/p - Natasha
Aim: Natasha (severely wounded, 60% to hit)
You miscast Shock.
You are very lightly contaminated with residual magic.
Nothing appears to happen.
* * * LOW HITPOINT WARNING * * *
Natasha drinks a potion.
Natasha is healed!
Casting: Shock (safe; 5% risk of failure)
Confirm with . or Enter, or press ? or * to list all spells.
Aiming: Shock (safe; 5% risk of failure)
Press: ? - help, Shift-Dir - straight line, f/p - Natasha
Aim: Natasha (moderately wounded, 60% to hit)
The zap misses Natasha.
* * * LOW HITPOINT WARNING * * *
Natasha casts a spell.
Casting: Shock (safe; 5% risk of failure)
Confirm with . or Enter, or press ? or * to list all spells.
Aiming: Shock (safe; 5% risk of failure)
Press: ? - help, Shift-Dir - straight line, f/p - Natasha
Aim: Natasha (moderately wounded, 60% to hit)
The zap misses Natasha.
* * * LOW HITPOINT WARNING * * *
Casting: Shock (safe; 5% risk of failure)
Confirm with . or Enter, or press ? or * to list all spells.
Okay, then.
Okay, then.
Natasha casts a spell at you. The magic dart hits you.
* * * LOW HITPOINT WARNING * * *
Your magical contamination has completely faded away.
Okay, then.
It was a potion of mutation.
You feel extremely strange. A pair of horns grows on your head!
The horns on your head grow some more. Natasha casts a spell at you.
The magic dart hits you.
You die...

#.....#
#.#
#.....#
#.###
#.....#
#....
##.....#
#....
#......#
#....
#.†....#
#....
#.#.#+##
#....
#.#.#
#....
#.#@#
#....
#.#.#
#><..
#.#h#
#....
#.#.#
##...
#.#5#
#### #.#
........#
####5...#
#....#


You could see Natasha and a crimson imp (summoned).

Vanquished Creatures
  2 dart slugs (D:1)
  A ball python (D:1)
  2 endoplasms (D:1)
  A giant cockroach (D:2)
  A goblin (D:1)
  A hobgoblin (D:1)
  5 jackals (D:1)
  A kobold (D:1)
  A quokka (D:1)
  8 bats
  A frilled lizard (D:1)
  5 rats (D:1)
29 creatures vanquished.

Notes
Turn   | Place    | Note
-------+----------+-------------------------------------------
     0 | D:1      | PyroL the Djinni Air Elementalist began the quest for the
                  | Orb.
     0 | D:1      | PyroL set off with the following spells memorised: Shock,
                  | Static Discharge, Swiftness, Airstrike.
     0 | D:1      | Reached XP level 1. HP: 15/15 MP: 0/0
     3 | D:1      | Noticed an electric eel
     4 | D:1      | Noticed an electric eel
    48 | D:1      | Reached XP level 2. HP: 16/21 MP: 0/0
   434 | D:1      | Reached XP level 3. HP: 23/25 MP: 0/0
   434 | D:1      | Learned a level 1 spell: Magic Dart
  1208 | D:2      | Noticed Natasha
  1226 | D:2      | HP: 1/26 [Natasha/magic dart (5)]
  1228 | D:2      | Gained mutation: You have a pair of small horns on your
                  | head. [potion of mutation]
  1228 | D:2      | Gained mutation: You have a pair of horns on your head.
                  | [potion of mutation]
  1228 | D:2      | Killed from afar by Natasha

Illustrated notes

Levels and vault maps discovered:
D:1:      arrival_aquarium_b, layout_basic
D:2:      layout_basic, kennysheep_generic_room_10, uniq_sigmund, uniq_natasha

Skill      XL: |  1  2 |
---------------+-------+-----
Stealth        | 2 |  2.1
Fighting       | |  0.7
Dodging        | |  2.7
Spellcasting   | |  2.8

Action                     || total
---------------------------++-------
  Melee: Unarmed           ||     2
   Cast: Shock             ||    71
    Use: Potion            ||     1
 Armour: Robe              ||     4
  Dodge: Dodged            ||     9

Table legend: (Time is in decaauts)
 A = Elapsed time spent in this place.
 B = Non-inter-level travel time spent in this place.
 C = Inter-level travel time spent in this place.
 D = Time resting spent in this place.
 E = Time spent auto-exploring this place.
 F = Levels seen in this place.
 G = Mean time per level.
                   A        B        C        D        E       F      G
               +--------+--------+--------+--------+--------+-----+--------+
         Total |   1226 |   1204 |     22 |     79 |    986 |   2 |  613.0 |
       Dungeon |   1226 |   1204 |     22 |     79 |    986 |   2 |  613.0 |
               +--------+--------+--------+--------+--------+-----+--------+

Top non-repeatable levels by time:
     D:1: 1124 daAuts
     D:2: 102 daAuts
